 Dungeon Crawl Stone Soup version 0.31-a0-232-gb1c03b2570 (webtiles) character file.

Game seed: 17226184752582465153

112 qw the Shooter (level 4, 0/26 HPs)
             Began as a Gargoyle Hexslinger on July 7, 2023.
             Slain by Terence
             ... wielding a +0 flail
              (8 damage)
             ... on level 3 of the Dungeon.
             The game lasted 00:00:55 (2224 turns).

qw the Shooter (Gargoyle Hexslinger)                Turns: 2224, Time: 00:00:56

Health: 0/26       AC:  8    Str: 11    XL:     4   Next: 95%
Magic:  5/5        EV: 10    Int: 14    God:
Gold:   643        SH:  0    Dex: 14    Spells: 4/5 levels left

rFire   . . .        Y - +1 sling
rCold   . . .        (no shield)
rNeg    + . .        e - +0 ring mail
rPois   inf          (no helmet)
rElec   +            (no cloak)
rCorr   .            (no gloves)
SInv    .            (no boots)
Will    .....        (no amulet)
Stlth   +            (no ring)
HPRegen 0.24/turn    (no ring)
MPRegen 0.09/turn

%: no passive effects
@: no status effects
A: sickness immunity, AC +3, negative energy resistance 1, electricity
resistance, torment resistance 1, petrification resistance
a: no special abilities


You were on level 3 of the Dungeon.
You visited 1 branch of the dungeon, and saw 3 of its levels.

You collected 1220 gold pieces.
You spent 577 gold pieces at shops.


Innate Abilities, Weirdness & Mutations

You are immune to sickness and miasma.
Your stone body is resilient. (AC +3)
You are immune to poison.
You resist negative energy. (rN+)
You are resistant to electric shocks. (rElec)
You are resistant to unholy torment.
You are immune to petrification.


   Skills:
 - Level 2.0 Fighting
 + Level 4.5 Ranged Weapons
 - Level 1.0 Armour
 - Level 1.5 Dodging
 - Level 1.0 Spellcasting
 - Level 2.6 Hexes


You had 4 spell levels left.
You knew the following spells:

 Your Spells              Type           Power      Damage    Failure   Level
a - Slow                  Hex            32%        N/A       21%         1

Your spell library contained the following spells:

 Spells                   Type           Power      Damage    Failure   Level
 Inner Flame              Hex/Fire       4%         N/A       71%         3
 Portal Projectile        Hex/Tloc       8%         N/A       71%         3
 Cause Fear               Hex            4%         N/A       90%         4

Inventory:

Hand Weapons
 Y - a +1 sling (weapon)
Armour
 e - a +0 ring mail (worn)
 i - a +2 cloak of preservation
 j - a +4 ring mail of fire resistance
 k - a scarf of repulsion
Scrolls
 a - 3 scrolls of identify
 b - a scroll of teleportation
 c - a scroll of vulnerability {unknown}
Potions
 d - a potion of might {unknown}
 f - a potion of attraction {unknown}
 g - a potion of haste {unknown}
 h - a potion of brilliance {unknown}

Dungeon Overview and Level Annotations

Branches:
Dungeon (3/15)

Altars:

Shops:
D:3 [

Annotations:
D:3 Terence


Message History

Enter note:
Enter note:
Enter note:
Enter note:
Enter note:
Enter note:
Enter note:
Enter note: You shoot a sling bullet.
The sling bullet barely misses Terence.
Terence shouts!
You shoot a sling bullet. The sling bullet hits Terence.
Terence is lightly wounded.
Terence barely misses you.
You shoot a sling bullet. The sling bullet hits Terence.
Terence is moderately wounded.
Terence closely misses you.
You shoot a sling bullet.
The sling bullet hits Terence but does no damage.
Terence is moderately wounded.
Terence misses you. Terence hits you with a +0 flail.
You shoot a sling bullet. The sling bullet barely misses Terence.
Terence barely misses you.
You shoot a sling bullet.
The sling bullet closely misses Terence.
Terence barely misses you.
You shoot a sling bullet.
The sling bullet closely misses Terence.
Terence barely misses you. Terence hits you with a +0 flail!
You shoot a sling bullet.
The sling bullet hits Terence but does no damage.
Terence is moderately wounded.
Terence barely misses you.
You shoot a sling bullet. The sling bullet hits Terence!
Terence is heavily wounded.
Terence hits you with a +0 flail.
You shoot a sling bullet.
The sling bullet hits Terence but does no damage.
Terence is heavily wounded.
Terence hits you with a +0 flail. Terence hits you with a +0 flail!
You die...

#.........#
###.........#
..##...........#
#....#.........#
#####....#.....#
#..%.%......#
###..).###....#
#....#)# .#.##
#....@@# =..
#..#.........
#....[##.##.!
...###.# ..# #.#
... ... # #.#
.#.# ..# #.. ...


You could see Terence.

Vanquished Creatures
  3 adders
  3 worms
  2 dart slugs (D:2)
  2 orcs (D:3)
  6 bats
  9 endoplasms
  6 giant cockroaches
  6 goblins
  4 hobgoblins
  2 jackals (D:1)
  5 kobolds
  4 quokkas
  4 ball pythons
  2 frilled lizards
  6 rats
64 creatures vanquished.

Notes
Turn   | Place    | Note
-------+----------+-------------------------------------------
     0 | D:1      | qw the Gargoyle Hexslinger began the quest for the Orb.
     0 | D:1      | Reached XP level 1. HP: 12/12 MP: 2/2
     0 | D:1      | 0 ||| qw: Version: 0.3-a-46-gb1f654a
     0 | D:1      | 0 ||| qw: Game counter: 2550
     0 | D:1      | 0 ||| qw: Melee chars always use a shield: true
     0 | D:1      | 0 ||| qw: God list: Okawaru
     0 | D:1      | 0 ||| qw: Allow faded altars: false
     0 | D:1      | 0 ||| qw: Do Orc after clearing Dungeon:15 true
     0 | D:1      | 0 ||| qw: Do second Lair branch before Depths: true
     0 | D:1      | 0 ||| qw: Lair rune preference: random
     0 | D:1      | 0 ||| qw: Goals: Normal
     0 | D:1      | 0 ||| PLANNING D:1-11
    76 | D:1      | Reached XP level 2. HP: 16/16 MP: 3/3
   161 | D:1      | Reached skill level 3 in Ranged Weapons
   290 | D:1      | Reached XP level 3. HP: 21/21 MP: 4/4
   634 | D:1      | 634 ||| UPGRADING to +0 ring mail.
   644 | D:1      | 644 ||| DROPPING +0 robe.
   645 | D:1      | 645 ||| READING 2 scrolls labelled KIEBATZ GIFOAF.
   646 | D:1      | 646 ||| DROPPING scroll of poison.
   762 | D:2      | HP: 4/21 [worm (8)]
  1360 | D:2      | Reached skill level 4 in Ranged Weapons
  1360 | D:2      | Reached XP level 4. HP: 22/26 MP: 5/5
  1427 | D:2      | Reached skill level 1 in Armour
  1604 | D:2      | 1604 ||| READING 2 scrolls labelled CAUWAI WAUNK.
  1607 | D:2      | 1607 ||| READING scroll labelled HEEPNU USTRU.
  1608 | D:2      | 1608 ||| READING scroll labelled KUSHAG DUWKOIV.
  1608 | D:2      | Identified a scroll of acquirement
  1608 | D:2      | 1608 ||| ACQUIRING 1062 gold pieces
  1608 | D:2      | Acquired 1062 gold pieces
  1935 | D:3      | Found Eheunnephy's Armour Shoppe.
  1943 | D:3      | 1943 ||| BUYING +2 cloak of preservation (236 gold).
  1943 | D:3      | Bought a +2 cloak of preservation for 236 gold pieces
  1943 | D:3      | 1943 ||| BUYING +4 ring mail of fire resistance (341 gold).
  1943 | D:3      | Bought a +4 ring mail of fire resistance for 341 gold
                  | pieces
  2214 | D:3      | Noticed Terence
  2224 | D:3      | Slain by Terence

Levels and vault maps discovered:
D:1:      saegor_arrival_under_anarchy, layout_basic,
          chequers_serial_rivers_micro_b, st_stairs_9,
          nicolae_concentric_dashed_squares_wild, minmay_misc_feat_nine_boxes,
          minmay_misc_feat_iff
D:2:      layout_loops_corners
D:3:      minmay_general_purpose_star, layout_basic, serial_shops, shop,
          minmay_misc_feat_chi, minmay_fractal_squares_5, uniq_terence

Skill      XL: |  1  2  3  4 |
---------------+-------------+-----
Ranged Weapons | 3 4 |  4.5
Fighting       | 2 |  2.0
Armour         | 1 |  1.0
Dodging        | |  1.5
Spellcasting   | |  1.0
Hexes          | |  2.6

Action                     |  1- 3 |  4- 6 || total
---------------------------+-------+-------++-------
   Fire: Sling             |   148 |    85 ||   233
    Use: Scroll            |     1 |     3 ||     4
 Armour: Robe              |    25 |       ||    25
         Ring mail         |    18 |    44 ||    62
  Dodge: Dodged            |    66 |    50 ||   116

Table legend:
 A = Non-vault XP
 B = Vault XP
 C = Vault XP percentage of total XP
 D = Non-vault monster count
 E = Vault monster count
 F = Vault count percentage of total count
                 A         B        C        D         E       F
            +---------+---------+-------+---------+---------+-------
      Total |     145 |      16 |   9.9 |      55 |       9 |  14.1
            +---------+---------+-------+---------+---------+-------
        D:1 |      41 |       5 |  10.9 |      24 |       3 |  11.1
        D:2 |      65 |       0 |   0.0 |      18 |       0 |   0.0
        D:3 |      39 |      11 |  22.0 |      13 |       6 |  31.6
            +---------+---------+-------+---------+---------+-------
